 Dungeon Crawl Stone Soup version 0.26-a0-1191-ge2a0e31ab3 (webtiles) character file.

Game seed: 431934852559211818

105 frontbutt the Firebug (level 4, -4/27 HPs)
             Began as an Octopode Fire Elementalist on Dec 28, 2020.
             Slain by Terence
             ... wielding a +2 flail of holy wrath
              (8 damage)
             ... on level 2 of the Dungeon.
             The game lasted 00:09:05 (1635 turns).

frontbutt the Firebug (Octopode Fire Elementalist)  Turns: 1635, Time: 00:09:07

Health: -4/27      AC:  1    Str:  7    XL:     4   Next: 81%
Magic:  2/8        EV: 13    Int: 18    God:
Gold:   41         SH:  0    Dex: 12    Spells: 4/8 levels left

rFire    . . .     SeeInvis .   d - +3 dagger
rCold    . . .     Faith    .   (no shield)
rNeg     . . .     Spirit   .   (helmet restricted)
rPois    .         Reflect  .   (no amulet)
rElec    .         Harm     .   (no ring)
rCorr    .         Rampage  .   (no ring)
Will     .....                  (no ring)
Stlth    +++.......             (no ring)
HPRegen  0.09/turn              (no ring)
MPRegen  0.11/turn              (no ring)
                                (no ring)
                                (no ring)

@: no status effects
A: almost no armour, stealthy swim, amphibious, 8 rings, constrict 8, camouflage
1, gelatinous body 1
a: no special abilities


You were on level 2 of the Dungeon.
You visited 1 branch of the dungeon, and saw 2 of its levels.

You collected 41 gold pieces.

Inventory:

Hand Weapons
 d - a +3 dagger (weapon)
Missiles
 i - 48 stones
Scrolls
 a - 2 scrolls of remove curse {unknown}
 b - 3 scrolls of identify {unknown}
Potions
 c - 2 potions of attraction {unknown}
 e - 3 potions of curing {unknown}
 f - a potion of heal wounds {unknown}
 g - 2 potions of haste {unknown}
 h - a potion of resistance {unknown}


   Skills:
 - Level 2.0 Dodging
 + Level 3.5 Stealth
 * Level 2.8 Spellcasting
 * Level 2.5 Conjurations
 * Level 3.7 Fire Magic


You had 4 spell levels left.
You knew the following spells:

 Your Spells              Type           Power        Failure   Level
a - Foxfire               Conj/Fire      52%          4%          1
b - Conjure Flame         Conj/Fire      13%          14%         3

Your spell library contained the following spells:

 Spells                   Type           Power        Failure   Level
 Inner Flame              Hex/Fire       9%           22%         3
 Sticky Flame             Conj/Fire      13%          41%         4
 Fireball                 Conj/Fire      6%           77%         5


Dungeon Overview and Level Annotations

Branches:
Dungeon (2/15)

Altars:

Annotations:
D:2 Terence


Innate Abilities, Weirdness & Mutations

You cannot wear most types of armour.
You are very stealthy in the water. (Stealth+)
You are amphibious.
You can wear up to eight rings at the same time.
You can use your tentacles to constrict eight enemies at once.
Your skin changes colour to match your surroundings (Stealth+).
Your rubbery body absorbs attacks. (AC +1, EV +1)


Message History

You constrict Terence.
The foxfire hits Terence but does no damage.
Terence is moderately wounded.
The foxfire hits Terence.
Terence is moderately wounded.
Terence says, "Time to say good-bye..."
Terence closely misses you.
Casting: Foxfire (safe; 4% risk of failure)
Confirm with . or Enter, or press ? or * to list all spells.
You conjure some foxfire!
You constrict Terence, but do no damage.
Terence hits you with a +2 flail of holy wrath!
* * * LOW HITPOINT WARNING * * *
You constrict Terence, but do no damage.
The foxfire hits Terence but does no damage.
Terence is moderately wounded.
The foxfire hits Terence.
Terence is heavily wounded.
Terence hits you with a +2 flail of holy wrath!
You die...

########
###########......#######
..........'....§@@......
###########....§.#######
)...###...#......#
......'...+......+
####.##...####.### #
#..#...# #.# #####<#...#
#.# ....#..#### #.#
....##.## #.#


You could see Terence.

Vanquished Creatures
  Natasha (thrice) (D:2)
  An ooze (D:1)
  4 dart slugs (D:1)
  2 giant cockroaches (D:1)
  A goblin (D:1)
  2 hobgoblins
  3 bats (D:1)
  3 kobolds
  5 rats
24 creatures vanquished.

Vanquished Creatures (others)
  82 foxfires
82 creatures vanquished.

Grand Total: 106 creatures vanquished

Notes
Turn   | Place    | Note
-------+----------+-------------------------------------------
     0 | D:1      | frontbutt the Octopode Fire Elementalist began the quest
                  | for the Orb.
     0 | D:1      | Reached XP level 1. HP: 11/11 MP: 3/3
   309 | D:1      | Reached XP level 2. HP: 9/17 MP: 1/5
   846 | D:1      | Reached XP level 3. HP: 21/21 MP: 3/6
   885 | D:1      | Learned a level 3 spell: Conjure Flame
  1102 | D:2      | Noticed Natasha
  1106 | D:2      | Killed Natasha
  1301 | D:2      | Noticed Natasha
  1305 | D:2      | Killed Natasha
  1306 | D:2      | Reached XP level 4. HP: 27/27 MP: 4/8
  1333 | D:2      | Noticed Natasha
  1341 | D:2      | Killed Natasha
  1621 | D:2      | Noticed Terence
  1635 | D:2      | Slain by Terence

Illustrated notes

Levels and vault maps discovered:
D:1:      minmay_arrival_hallway, layout_basic
D:2:      layout_basic, uniq_terence, uniq_robin, uniq_natasha

Skill      XL: |  1  2  3 |
---------------+----------+-----
Stealth        | 3 |  3.5
Conjurations   | 2 |  2.5
Dodging        | |  2.0
Spellcasting   | |  2.8
Fire Magic     | |  3.7

Action                   |  1- 3 |  4- 6 || total
-------------------------+-------+-------++-------
Melee: Dagger            |    14 |     1 ||    15
       Constrict         |     3 |     1 ||     4
       Tentacles         |     1 |       ||     1
 Cast: Foxfire           |    36 |    12 ||    48
 Stab: Sleeping          |     3 |       ||     3
Armor: Skin              |     1 |       ||     1
Dodge: Dodged            |     8 |     4 ||    12

Table legend: (Time is in decaauts)
 A = Elapsed time spent in this place.
 B = Non-inter-level travel time spent in this place.
 C = Inter-level travel time spent in this place.
 D = Time resting spent in this place.
 E = Time spent auto-exploring this place.
 F = Levels seen in this place.
 G = Mean time per level.
                   A        B        C        D        E       F      G
               +--------+--------+--------+--------+--------+-----+--------+
         Total |   1633 |   1609 |     24 |    586 |    508 |   2 |  816.5 |
       Dungeon |   1633 |   1609 |     24 |    586 |    508 |   2 |  816.5 |
               +--------+--------+--------+--------+--------+-----+--------+

Top non-repeatable levels by time:
     D:1: 1066 daAuts
     D:2: 567 daAuts
